 Dungeon Crawl Stone Soup version 0.28-a0-664-gc179e30c89 (webtiles) character file.

Game seed: 660482916618226255

11897 rogsnak the Thaumaturge (level 11, -8/83 HPs)
             Began as a Gnoll Hedge Wizard on Oct 15, 2021.
             Was an Initiate of Sif Muna.
             Killed from afar by a gargoyle (18 damage)
             ... with a stone arrow
             ... on level 11 of the Dungeon on Oct 17, 2021.
             The game lasted 00:56:09 (17126 turns).

rogsnak the Thaumaturge (Gnoll Hedge Wizard)       Turns: 17126, Time: 00:56:10

Health: -8/83      AC: 11    Str: 10    XL:     11   Next: 84%
Magic:  5/24       EV: 14    Int: 17    God:    Sif Muna [......]
Gold:   661        SH:  0    Dex: 11    Spells: 14/29 levels left

rFire   . . .      SeeInvis .   c - +2 halberd (elec)
rCold   . . .      Faith    .   (shield currently unavailable)
rNeg    . . .      Spirit   .   K - +0 steam dragon scales
rPois   .          Reflect  .   (no helmet)
rElec   .          Harm     .   S - scarf {shadows}
rCorr   .          Rampage  .   (no gloves)
Will    .....                   A - +0 pair of boots
Stlth   ++++......              D - amulet of magic regeneration
HPRegen 0.23/turn               k - ring of wizardry
MPRegen 0.44/turn               Y - +4 ring of protection

@: studying Stealth
A: fangs 1, strong nose, distributed training
a: Renounce Religion


You were on level 11 of the Dungeon.
You worshipped Sif Muna.
Sif Muna was noncommittal.
You visited 2 branches of the dungeon, and saw 12 of its levels.
You also visited: Bailey.

You collected 661 gold pieces.

Inventory:

Hand Weapons
 c - a +2 halberd of electrocution (weapon)
 j - a +1 short sword of venom
 z - a +2 vorpal flail
 M - a +2 dagger of venom
 R - a +2 scimitar of flaming
 T - a +0 hand crossbow
Missiles
 s - 37 poisoned darts
 t - 22 sling bullets
 u - 278 arrows
 B - 119 bolts
 P - 86 boomerangs
Armour
 a - a +1 robe of resistance
 q - a +0 buckler
 A - a +0 pair of boots (worn)
 J - a +1 leather armour of willpower
 K - +0 steam dragon scales (worn)
 S - a scarf of shadows (worn)
Jewellery
 k - a ring of wizardry (left hand)
 D - an amulet of magic regeneration (around neck)
 E - a ring of fire
 H - a ring of magical power
 Y - a +4 ring of protection (right hand)
Wands
 G - a wand of acid (8)
Scrolls
 d - 4 scrolls of identify {unknown}
 f - 5 scrolls of teleportation {unknown}
 m - 2 scrolls of enchant armour {unknown}
 o - 3 scrolls of fear {unknown}
 p - a scroll of brand weapon {unknown}
 x - a scroll of immolation {unknown}
 y - 2 scrolls of noise {unknown}
 C - a scroll of torment {unknown}
 F - a scroll of vulnerability {unknown}
 O - 6 scrolls of fog {unknown}
 Q - a scroll of holy word {unknown}
 U - 2 scrolls of enchant weapon {unknown}
Potions
 b - 3 potions of magic {unknown}
 e - 5 potions of heal wounds {unknown}
 g - 2 potions of mutation {unknown}
 h - 2 potions of lignification {unknown}
 i - 3 potions of attraction {unknown}
 l - a potion of resistance {unknown}
 n - 3 potions of cancellation {unknown}
 r - 4 potions of curing {unknown}
 v - 3 potions of degeneration {unknown}
 I - 3 potions of might
 L - 2 potions of flight {unknown}
 N - 2 potions of brilliance {unknown}
 V - a potion of ambrosia {unknown}
 W - a potion of experience
 X - 2 potions of invisibility
Miscellaneous
 w - a box of beasts


   Skills:
 + Level 6.7 Fighting
 + Level 6.7 Short Blades
 + Level 6.7 Long Blades
 + Level 6.7 Axes
 + Level 6.7 Maces & Flails
 + Level 6.7 Polearms
 + Level 6.7 Staves
 + Level 6.7 Slings
 + Level 6.7 Bows
 + Level 6.7 Crossbows
 + Level 6.7 Throwing
 + Level 6.7 Armour
 + Level 8.2 Dodging
 + Level 8.5 Stealth
 + Level 6.7 Shields
 + Level 6.7 Unarmed Combat
 + Level 9.9 Spellcasting
 + Level 6.0 Conjurations
 + Level 5.5 Hexes
 + Level 6.0 Summonings
 + Level 5.5 Necromancy
 + Level 6.0 Translocations
 + Level 5.5 Transmutations
 + Level 5.5 Fire Magic
 + Level 5.5 Ice Magic
 + Level 5.5 Air Magic
 + Level 5.5 Earth Magic
 + Level 5.5 Poison Magic
 + Level 7.3 Invocations
 + Level 6.7 Evocations


You had 14 spell levels left.
You knew the following spells:

 Your Spells              Type           Power      Damage    Failure   Level
a - Magic Dart            Conj           100%       1d8       1%          1
b - Blink                 Tloc           N/A        N/A       1%          2
c - Mephitic Cloud        Conj/Pois/Air  27%        N/A       1%          3
d - Flame Wave            Conj/Fire      28%        3d7       3%          4
e - Lee's Rapid Deconstr  Erth           13%        3d10*     10%         5

Your spell library contained the following spells:

 Spells                   Type           Power      Damage    Failure   Level
 Foxfire                  Conj/Fire      100%       2x1d9     1%          1
 Call Imp                 Summ           28%        N/A       1%          2
 Slow                     Hex            27%        N/A       1%          2
 Call Canine Familiar     Summ           28%        N/A       1%          3
 Conjure Flame            Conj/Fire      28%        6-21      1%          3
 Inner Flame              Hex/Fire       27%        N/A       1%          3
 Portal Projectile        Hex/Tloc       56%        N/A       1%          3
 Leda's Liquefaction      Hex/Erth       13%        N/A       3%          4
 Statue Form              Tmut/Erth      18%        N/A       45%         6


Dungeon Overview and Level Annotations

Branches:
Dungeon (11/15)            Temple (1/1) D:4            Lair (0/6) D:8
 Bailey (visited)
    Orc: D:9-12

Altars:
Ashenzari
Cheibriados
Dithmenos
Elyvilon
Fedhas
Gozag
Hepliaklqana
Kikubaaqudgha
Makhleb
Nemelex Xobeh
Okawaru
Qazlal
Ru
Sif Muna
Trog
Uskayaw
Vehumet
Wu Jian
Xom
Yredelemnul
Zin
The Shining One


Innate Abilities, Weirdness & Mutations

You have very sharp teeth.
Your uncanny sense of smell can sniff out nearby items.
Your experience applies equally to all skills.


Message History

Aiming: Lee's Rapid Deconstruction (dangerous; 10% risk of failure)
Press: ? - help, Dir - move target, p - gargoyle A rock wall, spattered with blood.
The wall shatters!
The blast of rock fragments hits the gargoyle but does no damage.
The gargoyle is almost destroyed.
You hear an angry hiss.
A two-headed ogre comes into view.
It is wielding two +0 giant spiked clubs.
The gargoyle hurls a stone arrow at you.
The stone arrow hits you!
Unknown command.
Casting: Lee's Rapid Deconstruction (dangerous; 10% risk of failure)
Confirm with . or Enter, or press ? or * to list all spells.
Aiming: Lee's Rapid Deconstruction (dangerous; 10% risk of failure)
Press: ? - help, Dir - move target A rock wall, spattered with blood.
The wall shatters!
The blast of rock fragments hits the gargoyle but does no damage.
The gargoyle is almost destroyed.
You hear an angry hiss.
The gargoyle hits you with a +0 flail!
* * * LOW HITPOINT WARNING * * *
Unknown command.
Unknown command.
Casting: Lee's Rapid Deconstruction (dangerous; 10% risk of failure)
Confirm with . or Enter, or press ? or * to list all spells.
Aiming: Lee's Rapid Deconstruction (dangerous; 10% risk of failure)
Press: ? - help, Dir - move target A rock wall, spattered with blood.
The wall shatters!
The blast of rock fragments hits the gargoyle but does no damage.
The gargoyle is almost destroyed.
The gargoyle hurls a stone arrow at you.
The stone arrow hits you.
* * * LOW HITPOINT WARNING * * *
Unknown command.
Okay, then.
The gargoyle hurls a stone arrow at you.
The stone arrow hits you!!
You die...

#......#.# #.#####.
#......#.# #.# #.
#......#.#####.# #. ###
###......#.......# #.
...#...##################.
####.#.########.............
.
.....................#######
. ...............>.....#
.#.....<#..@......)..#
#.#...##............# #
........#9############ .
.##.##..#O# # ... ...#.# ..
#.##.# #. #.# ... ...


You could see a two-headed ogre and a gargoyle.

Vanquished Creatures
  Erica (D:8)
  2 two-headed ogres
  An orc knight (Bailey)
  3 centaur zombies
  A slime creature (D:7)
  A shadow (D:10)
  A wraith (D:10)
  21 yaks
  4 wyverns
  2 steam dragons
  4 water moccasins
  Duvessa (D:5)
  2 black bears
  7 orc warriors
  A sky beast (D:7)
  An ice beast (D:7)
  A hornet zombie (D:7)
  7 centaurs
  A phantom (D:5)
  3 kobold brigands
  3 bullfrogs
  2 scorpions
  A wyvern zombie (D:7)
  2 wyvern skeletons (D:7)
  Dowan (D:5)
  A water moccasin skeleton (D:3)
  A howler monkey (D:10)
  4 wights (D:6)
  A bullfrog zombie (D:5)
  3 hounds
  9 orc priests
  A jelly (D:6)
  A bullfrog skeleton (D:6)
  2 gnoll shamans
  2 centaur skeletons
  Jessica (D:3)
  7 iguanas
  15 orc wizards
  A hound skeleton (D:5)
  4 howler monkey zombies
  A howler monkey skeleton (D:4)
  4 adders
  23 gnolls
  3 shadow imps
  A white imp (D:7)
  An adder skeleton (D:4)
  4 worms
  4 dart slugs
  40 orcs
  6 ball pythons
  8 bats
  8 endoplasms
  4 giant cockroaches
  13 hobgoblins
  6 jackals
  5 quokkas
  2 frilled lizards
  5 goblins
  22 kobolds
  3 rats
290 creatures vanquished.

Vanquished Creatures (collateral kills)
  An orc warrior (D:7)
1 creature vanquished.

Vanquished Creatures (others)
  A wizard (D:6)
  4 bushes (D:8)
  7 fungi (D:8)
  59 plants
71 creatures vanquished.

Grand Total: 362 creatures vanquished

Notes
Turn   | Place    | Note
-------+----------+-------------------------------------------
     0 | D:1      | rogsnak the Gnoll Hedge Wizard began the quest for the Orb.
     0 | D:1      | Reached XP level 1. HP: 13/13 MP: 8/8
   207 | D:1      | Found a faded altar of an unknown god.
   235 | D:1      | Reached XP level 2. HP: 19/19 MP: 7/10
   649 | D:1      | Reached XP level 3. HP: 22/25 MP: 3/11
   773 | D:1      | Learned a level 2 spell: Blink
   777 | D:1      | Learned a level 3 spell: Mephitic Cloud
  1125 | D:2      | Reached skill level 1 in Invocations
  1476 | D:2      | Reached skill level 1 in Fighting
  1476 | D:2      | Reached skill level 1 in Short Blades
  1476 | D:2      | Reached skill level 1 in Long Blades
  1476 | D:2      | Reached skill level 1 in Axes
  1476 | D:2      | Reached skill level 1 in Maces & Flails
  1476 | D:2      | Reached skill level 1 in Polearms
  1476 | D:2      | Reached skill level 1 in Staves
  1476 | D:2      | Reached skill level 1 in Slings
  1476 | D:2      | Reached skill level 1 in Bows
  1476 | D:2      | Reached skill level 1 in Crossbows
  1476 | D:2      | Reached skill level 1 in Throwing
  1476 | D:2      | Reached skill level 1 in Armour
  1476 | D:2      | Reached skill level 1 in Shields
  1476 | D:2      | Reached skill level 1 in Unarmed Combat
  1476 | D:2      | Reached skill level 1 in Evocations
  1654 | D:2      | Reached XP level 4. HP: 32/32 MP: 2/13
  1905 | D:3      | Noticed Jessica
  1910 | D:3      | Killed Jessica
  2276 | D:3      | Reached skill level 1 in Hexes
  2276 | D:3      | Reached skill level 1 in Necromancy
  2276 | D:3      | Reached skill level 1 in Transmutations
  2276 | D:3      | Reached skill level 1 in Fire Magic
  2276 | D:3      | Reached skill level 1 in Ice Magic
  2276 | D:3      | Reached skill level 1 in Air Magic
  2276 | D:3      | Reached skill level 1 in Earth Magic
  2276 | D:3      | Reached skill level 1 in Poison Magic
  2525 | D:3      | Noticed an ice beast
  2783 | D:3      | Reached XP level 5. HP: 23/37 MP: 10/14
  3399 | D:4      | Reached XP level 6. HP: 42/44 MP: 16/16
  3518 | D:4      | Reached skill level 5 in Dodging
  3680 | D:4      | Found a staircase to the Ecumenical Temple.
  3683 | D:4      | Noticed a black bear
  3687 | Temple   | Entered the Ecumenical Temple
  3873 | D:4      | Killed a black bear
  3874 | D:4      | Reached XP level 7. HP: 27/50 MP: 7/18
  4927 | D:5      | Entered Level 5 of the Dungeon
  4968 | D:5      | Noticed Duvessa
  4978 | D:5      | Noticed Dowan
  4983 | D:5      | Upgraded the game from 0.28-a0-662-g1651b1f1e0 to
                  | 0.28-a0-664-gc179e30c89
  5271 | D:5      | Learned a level 4 spell: Flame Wave
  5469 | D:5      | Reached skill level 5 in Stealth
  5557 | D:5      | Noticed a two-headed ogre
  5692 | D:5      | Reached XP level 8. HP: 22/58 MP: 17/19
  6342 | D:5      | Killed Dowan
  6360 | D:5      | Killed Duvessa
  6361 | D:5      | Reached skill level 8 in Spellcasting
  7325 | D:6      | Reached XP level 9. HP: 41/65 MP: 12/21
  7634 | D:6      | Found a bloodstained altar of Trog.
  7635 | D:6      | Noticed a wizard
  7640 | D:6      | Killed a wizard
  8975 | D:7      | Reached skill level 5 in Invocations
  9532 | D:7      | Reached XP level 10. HP: 72/73 MP: 22/22
  9869 | D:7      | Reached skill level 5 in Fighting
  9869 | D:7      | Reached skill level 5 in Short Blades
  9869 | D:7      | Reached skill level 5 in Long Blades
  9869 | D:7      | Reached skill level 5 in Axes
  9869 | D:7      | Reached skill level 5 in Maces & Flails
  9869 | D:7      | Reached skill level 5 in Polearms
  9869 | D:7      | Reached skill level 5 in Staves
  9869 | D:7      | Reached skill level 5 in Slings
  9869 | D:7      | Reached skill level 5 in Bows
  9869 | D:7      | Reached skill level 5 in Crossbows
  9869 | D:7      | Reached skill level 5 in Throwing
  9869 | D:7      | Reached skill level 5 in Armour
  9869 | D:7      | Reached skill level 5 in Shields
  9869 | D:7      | Reached skill level 5 in Unarmed Combat
  9869 | D:7      | Reached skill level 5 in Evocations
 10350 | D:8      | Reached skill level 9 in Spellcasting
 10522 | D:8      | Found a staircase to the Lair.
 10855 | D:8      | Reached skill level 5 in Conjurations
 10855 | D:8      | Reached skill level 5 in Summonings
 10855 | D:8      | Reached skill level 5 in Translocations
 11033 | D:8      | Noticed Erica
 11079 | D:8      | Killed Erica
 11440 | D:8      | Reached XP level 11. HP: 74/81 MP: 24/24
 11530 | D:8      | Noticed a two-headed ogre
 11542 | D:8      | Learned a level 5 spell: Lee's Rapid Deconstruction
 11678 | D:8      | Killed a two-headed ogre
 11763 | D:8      | Found a stormy altar of Qazlal.
 11950 | D:8      | Reached skill level 5 in Hexes
 11950 | D:8      | Reached skill level 5 in Necromancy
 11950 | D:8      | Reached skill level 5 in Transmutations
 11950 | D:8      | Reached skill level 5 in Fire Magic
 11950 | D:8      | Reached skill level 5 in Ice Magic
 11950 | D:8      | Reached skill level 5 in Air Magic
 11950 | D:8      | Reached skill level 5 in Earth Magic
 11950 | D:8      | Reached skill level 5 in Poison Magic
 12588 | D:9      | Found a burning altar of Makhleb.
 12588 | D:9      | Noticed a cacodemon
 13743 | D:10     | Entered Level 10 of the Dungeon
 13836 | D:10     | Noticed a two-headed ogre
 13869 | D:10     | Killed a two-headed ogre
 13958 | D:10     | Found a flagged portal.
 14017 | Bailey   | Entered a bailey
 14257 | Bailey   | Noticed an orc knight
 14937 | Bailey   | Killed an orc knight
 15607 | D:10     | Found a sacrificial altar of Ru.
 15608 | D:10     | Found a shimmering altar of Xom.
 15736 | D:10     | Found a shimmering blue altar of Sif Muna.
 15743 | D:10     | Became a worshipper of Sif Muna the Loreminder
 16433 | D:11     | Noticed a two-headed ogre
 17122 | D:11     | Noticed a two-headed ogre
 17126 | D:11     | Killed from afar by a gargoyle

Illustrated notes

Levels and vault maps discovered:
D:1:      nagdon_arrival_double_spiral, layout_rooms,
          dreamdust_ecumenical_altar_statues, hangedman_decor_clover_reticule,
          minivault_24
D:2:      layout_basic
D:3:      layout_basic, uniq_jessica
D:4:      layout_gridville, minmay_temple_entry_gardened_gates, glass_columns_b
D:5:      layout_cave_pods, serial_bayou_ford_a, uniq_duvessa
D:6:      layout_cave_pods, trog_wizard
D:7:      nzn_winding_woodlands_three_and_one [nzn_winding_woodlands_5x15_pool,
          nzn_winding_woodlands_5x15_zeroes,
          nzn_winding_woodlands_5x15_longhouse,
          nzn_winding_woodlands_center_lodge], layout_rooms
D:8:      layout_basic, overflow_temple_1_default, minmay_lair_entry_grove,
          uniq_erica
D:9:      layout_basic, makhleb_altar_promises_db, grunt_ministairs_1
D:10:     layout_long_grid, mainiacjoe_overflow_chevrons, jmf_multi_god_temple,
          enter_bailey_2
D:11:     kennysheep_big_flooded_room, layout_basic
Temple:   lightli_temple_of_artemis

Skill      XL: |  1  2  3  4  5  6  7  8  9 10 11 |
---------------+----------------------------------+-----
Conjurations   | 2 3 4 5 6 |  6.0
Summonings     | 2 3 4 5 6 |  6.0
Translocations | 2 3 4 5 6 |  6.0
Invocations    | 1 2 3 4 5 6 7 |  7.3
Fighting       | 1 2 3 4 5 6 |  6.7
Short Blades   | 1 2 3 4 5 6 |  6.7
Long Blades    | 1 2 3 4 5 6 |  6.7
Axes           | 1 2 3 4 5 6 |  6.7
Maces & Flails | 1 2 3 4 5 6 |  6.7
Polearms       | 1 2 3 4 5 6 |  6.7
Staves         | 1 2 3 4 5 6 |  6.7
Slings         | 1 2 3 4 5 6 |  6.7
Bows           | 1 2 3 4 5 6 |  6.7
Crossbows      | 1 2 3 4 5 6 |  6.7
Throwing       | 1 2 3 4 5 6 |  6.7
Armour         | 1 2 3 4 5 6 |  6.7
Shields        | 1 2 3 4 5 6 |  6.7
Unarmed Combat | 1 2 3 4 5 6 |  6.7
Evocations     | 1 2 3 4 5 6 |  6.7
Hexes          | 1 2 3 4 5 |  5.5
Necromancy     | 1 2 3 4 5 |  5.5
Transmutations | 1 2 3 4 5 |  5.5
Fire Magic     | 1 2 3 4 5 |  5.5
Ice Magic      | 1 2 3 4 5 |  5.5
Air Magic      | 1 2 3 4 5 |  5.5
Earth Magic    | 1 2 3 4 5 |  5.5
Poison Magic   | 1 2 3 4 5 |  5.5
Dodging        | 5 6 7 8 |  8.2
Stealth        | 5 6 7 8 |  8.5
Spellcasting   | 8 9 |  9.9

Action                   |  1- 3 |  4- 6 |  7- 9 | 10-12 || total
-------------------------+-------+-------+-------+-------++-------
Melee: Dagger            |     3 |     6 |    18 |   353 ||   380
       Short sword       |    25 |    98 |   189 |       ||   312
       Bite              |     2 |     9 |    29 |    40 ||    80
       Flail             |       |       |    53 |    17 ||    70
       Punch             |       |       |     1 |       ||     1
       Scimitar          |       |       |       |    19 ||    19
       Halberd           |       |       |       |   112 ||   112
 Cast: Magic Dart        |    64 |    20 |    93 |   113 ||   290
       Mephitic Cloud    |     3 |     4 |    28 |    58 ||    93
       Blink             |       |     2 |     2 |     4 ||     8
       Flame Wave        |       |       |     7 |     5 ||    12
       Lee's Rapid Decon |       |       |       |    13 ||    13
 Stab: Sleeping          |     4 |     3 |     6 |     6 ||    19
       Confused          |     1 |     3 |    10 |    24 ||    38
       Distracted        |       |       |       |     1 ||     1
Armor: Robe              |       |    10 |    42 |       ||    52
       Steam dragon scal |       |       |     9 |    88 ||    97
       Leather armour    |       |       |     2 |       ||     2
Dodge: Dodged            |    12 |    76 |   125 |   204 ||   417
Block: Buckler           |       |       |    39 |    64 ||   103

Table legend: (Time is in decaauts)
 A = Elapsed time spent in this place.
 B = Non-inter-level travel time spent in this place.
 C = Inter-level travel time spent in this place.
 D = Time resting spent in this place.
 E = Time spent auto-exploring this place.
 F = Levels seen in this place.
 G = Mean time per level.
                   A        B        C        D        E       F      G
               +--------+--------+--------+--------+--------+-----+--------+
         Total |  17070 |  16876 |    194 |   4833 |   7183 |  13 | 1313.1 |
       Dungeon |  15591 |  15397 |    194 |   3944 |   7096 |  11 | 1417.4 |
        Temple |    154 |    154 |      0 |      0 |      0 |   1 |  154.0 |
        Bailey |   1324 |   1324 |      0 |    889 |     87 |   1 | 1324.0 |
               +--------+--------+--------+--------+--------+-----+--------+

Top non-repeatable levels by time:
     D:5: 1933 daAuts
     D:8: 1920 daAuts
     D:7: 1862 daAuts
    D:10: 1844 daAuts
     D:6: 1559 daAuts
     D:9: 1485 daAuts
     D:4: 1384 daAuts
  Bailey: 1324 daAuts
     D:2: 1227 daAuts
     D:3: 1225 daAuts
     D:1: 935 daAuts
    D:11: 211 daAuts
  Temple: 154 daAuts
